 Dungeon Crawl Stone Soup version 0.29.1-13-g9f3cf754e1 (webtiles) character file.

Game seed: 682900775808834310

1158 rakiston the Frost Mage (level 8, -11/52 HPs)
             Began as a Merfolk Ice Elementalist on Feb 2, 2023.
             Was an Initiate of Makhleb.
             Killed by divine providence
             ... invoked by an orc priest
              (12 damage)
             ... on level 6 of the Dungeon on Feb 3, 2023.
             The game lasted 00:29:54 (5634 turns).

rakiston the Frost Mage (Merfolk Ice Elementalist)  Turns: 5634, Time: 00:29:54

Health: -11/52     AC:  3    Str: 14    XL:     8   Next: 39%
Magic:  3/11       EV: 14    Int: 16    God:    Makhleb [......]
Gold:   62         SH:  0    Dex: 15    Spells: 3/11 levels left

rFire   + . .      SeeInvis .   b - +0 halberd
rCold   . . .      Faith    .   (shield currently unavailable)
rNeg    . . .      Spirit   .   a - +0 robe
rPois   .          Reflect  .   j - +0 helmet
rElec   .          Harm     .   (no cloak)
rCorr   .          Rampage  .   (no gloves)
Will    .....                   (no boots)
Stlth   ++........              (no amulet)
HPRegen 0.17/turn               i - +6 ring of strength
MPRegen 0.12/turn               h - ring of protection from fire

@: about to teleport
A: (nimble swimmer 2), mertail
a: Renounce Religion


You were on level 6 of the Dungeon.
You worshipped Makhleb.
Makhleb was noncommittal.
You visited 1 branch of the dungeon, and saw 7 of its levels.

You collected 226 gold pieces.
You spent 164 gold pieces at shops.

Inventory:

Hand Weapons
 b - a +0 halberd (weapon)
Missiles
 d - 2 silver boomerangs (quivered)
 f - 17 poisoned darts
Armour
 a - a +0 robe (worn)
 j - a +0 helmet (worn)
 r - the +2 pair of boots of Vehumet's Delight {*Slow Int-5 SInv Stlth+}
   (You found it on level 5 of the Dungeon)

   Int:       It affects your intelligence (-5).
   SInv:      It lets you see invisible.
   *Slow:     It may slow you when you take damage.
   Stlth:     It makes you more stealthy.
Magical Staves
 k - a staff of conjuration
Jewellery
 h - a ring of protection from fire (right hand)
 i - a +6 ring of strength (left hand)
Wands
 q - a wand of acid (3)
Scrolls
 c - 2 scrolls of fog
 e - 2 scrolls of amnesia
 g - a scroll of teleportation
 m - 2 scrolls of noise
 n - a scroll of fear
 o - a scroll of acquirement {unknown}
 p - a scroll of enchant armour {unknown}
 t - a scroll of immolation {unknown}
Potions
 l - 2 potions of flight
 s - a potion of attraction {unknown}
 u - a potion of cancellation {unknown}
 v - a potion of berserk rage {unknown}
 w - a potion of curing


   Skills:
 - Level 1.0 Polearms
 + Level 5.9 Dodging
 - Level 2.1 Stealth
 - Level 2.0 Spellcasting
 * Level 4.1 Conjurations
 - Level 12.7 Ice Magic


You had 3 spell levels left.
You knew the following spells:

 Your Spells              Type           Power      Damage    Failure   Level
a - Freeze                Ice            100%       1d11      1%          1
b - Frozen Ramparts       Ice            84%        1d13      1%          3
c - Hailstorm             Conj/Ice       28%        3d8       6%          4

Your spell library contained the following spells:

 Spells                   Type           Power      Damage    Failure   Level
 Ozocubu's Armour         Ice            42%        N/A       1%          3
 Tukima's Dance           Hex            1%         N/A       52%         3
 Passage of Golubria      Tloc           1%         N/A       90%         4
 Yara's Violent Unravell  Hex/Tmut       0%         3d3       99%         5


Dungeon Overview and Level Annotations

Branches:
Dungeon (7/15)
 Temple: D:4-7

Altars:
Dithmenos
Gozag
Makhleb
Sif Muna
Vehumet
The Shining One

Shops:
D:3 ?   D:6 !

Annotations:
D:4 exclusion: statue


Innate Abilities, Weirdness & Mutations

((You are very nimble when in or above water. (Stealth+, EV+, Speed+++)))
Your lower body shifts to a powerful aquatic tail in water.


Message History

Confirm with . or Enter, or press ? or * to list all spells.
Okay, then.
Casting: Freeze (safe; 1% risk of failure)
Confirm with . or Enter, or press ? or * to list all spells.
Okay, then.
An orc wizard comes into view. It is wielding a +0 dagger.
Casting: Freeze (safe; 1% risk of failure)
Confirm with . or Enter, or press ? or * to list all spells.
Casting: Frozen Ramparts (safe; 1% risk of failure)
Press: ? - help, Dir - look around, f - activate The walls around you are covered in ice.
The orc wizard shouts!
The wall freezes the orc warrior but does no damage.
You barely miss the orc warrior.
The orc warrior is lightly wounded.
The orc warrior hits you with a +0 scimitar!
Reach: b) +0 halberd
Press: ? - help, Dir - move target, f - orc warrior
Aim: an orc warrior, wielding a +0 scimitar and wearing a +0 plate armour (lightly wounded, about 53% to evade your +0 halberd)
You closely miss the orc warrior.
The orc warrior is lightly wounded.
The orc wizard mumbles some strange words.
The orc wizard flickers and vanishes!
Deactivating autopickup; reactivate with Ctrl-A.
The orc warrior hits you with a +0 scimitar!
The orc priest looks satisfied for a moment.
The orc warrior hits you with a +0 scimitar!
* * * LOW HITPOINT WARNING * * *
As you read the scroll of teleportation, it crumbles to dust.
You feel strangely unstable.
The wall freezes the orc priest.
The orc priest closely misses you.
The orc warrior hits you with a +0 scimitar!
* * * LOW HITPOINT WARNING * * *
Your frozen ramparts will break if you move.
Continue?
The adder attacks as you move away! The adder bites you.
* * * LOW HITPOINT WARNING * * *
The frozen ramparts melt away as you move.
The orc priest invokes the aid of Beogh against you.
Beogh smites you!
You die...

...##........ ##
..#......... .#
.........#. .#
#........# .### .#
#<.......# ...##.#
##.....#.# #..#.#
#........# ##...#
#.....S.†# #...## #
#.....o@.# #.#..# #
##...o.#.# ##.##.# #
##⌠(⌠.#.####..##.## ##
#.∩!.#.##...###..####.
#⌠.⌠##....### ##......
########### #######


You could see an orc warrior, an orc priest and an adder.

Vanquished Creatures
  Menkaure (D:4)
  A black bear (D:6)
  An ogre (D:4)
  A phantom (D:5)
  3 necrophages
  2 scorpions
  A howler monkey (D:5)
  3 hounds
  A jelly (D:5)
  4 iguanas
  A hound skeleton (D:4)
  4 gnolls (D:4)
  5 adders
  2 dart slugs (D:2)
  13 orcs (D:3)
  4 bats
  8 endoplasms
  A giant cockroach (D:1)
  3 goblins
  6 hobgoblins
  4 jackals (D:4)
  4 kobolds
  4 quokkas
  4 ball pythons
  2 frilled lizards
  6 rats
89 creatures vanquished.

Notes
Turn   | Place    | Note
-------+----------+-------------------------------------------
     0 | D:1      | rakiston the Merfolk Ice Elementalist began the quest for
                  | the Orb.
     0 | D:1      | Reached XP level 1. HP: 13/13 MP: 3/3
   270 | D:1      | Reached XP level 2. HP: 17/19 MP: 1/5
   435 | D:1      | Reached skill level 5 in Ice Magic
  1093 | D:2      | Found an opulent altar of Gozag.
  1489 | D:2      | Reached XP level 3. HP: 24/24 MP: 4/6
  1617 | D:2      | Learned a level 3 spell: Frozen Ramparts
  2061 | D:3      | Found a shimmering blue altar of Sif Muna.
  2216 | D:3      | Found Xyrewk's Magic Scroll Emporium.
  2225 | D:3      | Bought a scroll of fog for 48 gold pieces
  2225 | D:3      | Bought a scroll of noise for 12 gold pieces
  2225 | D:3      | Bought a scroll of fear for 48 gold pieces
  2240 | D:3      | Reached skill level 12 in Ice Magic
  2240 | D:3      | Reached XP level 4. HP: 30/30 MP: 7/7
  2758 | D:3      | Reached XP level 5. HP: 35/35 MP: 2/8
  3080 | D:3      | Found a faded altar of an unknown god.
  3245 | D:4      | Reached skill level 1 in Conjurations
  3330 | D:4      | Found a glowing golden altar of the Shining One.
  3562 | D:4      | Reached XP level 6. HP: 41/41 MP: 7/9
  3793 | D:4      | Found a radiant altar of Vehumet.
  3932 | D:4      | Noticed Menkaure
  3937 | D:4      | Killed Menkaure
  3996 | D:4      | Found a burning altar of Makhleb.
  4009 | D:4      | Reached skill level 1 in Polearms
  4009 | D:4      | Reached XP level 7. HP: 43/46 MP: 10/10
  4017 | D:4      | Became a worshipper of Makhleb the Destroyer
  4307 | D:5      | Entered Level 5 of the Dungeon
  4495 | D:5      | Identified the +2 pair of boots of Vehumet's Delight {*Slow
                  | Int-5 SInv Stlth+}
  4948 | D:5      | Found a shadowy altar of Dithmenos.
  4968 | D:5      | Learned a level 4 spell: Hailstorm
  5053 | D:5      | Reached skill level 5 in Dodging
  5053 | D:5      | Reached XP level 8. HP: 19/52 MP: 11/11
  5266 | D:6      | You fall into a shaft and drop 1 floor!
  5443 | D:6      | Found Vintar's Distillery.
  5601 | D:6      | Bought a potion of degeneration for 14 gold pieces
  5601 | D:6      | Bought a potion of curing for 42 gold pieces
  5634 | D:6      | HP: 1/52 [adder (2)]
  5634 | D:6      | Killed from afar by an orc priest

Illustrated notes

Levels and vault maps discovered:
D:1:      mrwooster_arrival_statue_2, layout_basic, kennysheep_small_spiral
D:2:      layout_loops_corners, basic_altar
D:3:      layout_loops_ring, nicolae_sif_muna_condensation,
          hellmonk_ecumenical_altar_defaced_shrine, serial_shops,
          nicolae_shop_hallway_plus, nrook_mini_vaults, grunt_decor_arrowhead,
          small_statue_intersection
D:4:      layout_gridville, vehumet_statue, mainiacjoe_overflow_brackets,
          makhleb_blood_cavern_becter, uniq_menkaure
D:5:      layout_loops_cross, nicolae_dithmenos_through_a_glass_darkly
D:6:      layout_rooms, serial_shops, shop_fountains, uniq_blork_the_orc
D:7:      cheibrodos_helix_gallery, layout_loops_ring,
          minmay_temple_entry_mini_moons, nrook_campfire,
          kennysheep_generic_room_7

Skill      XL: |  1  2  3  4  5  6  7  8 |
---------------+-------------------------+-----
Ice Magic      | 5 12 | 12.7
Conjurations   | 1 2 3 4 |  4.1
Dodging        | 3 5 |  5.9
Polearms       | 1 |  1.0
Stealth        | |  2.1
Spellcasting   | |  2.0

Action                   |  1- 3 |  4- 6 |  7- 9 || total
-------------------------+-------+-------+-------++-------
Melee: Unarmed           |     4 |       |       ||     4
       Halberd           |       |    21 |    29 ||    50
Throw: Boomerang         |     5 |     7 |     5 ||    17
 Cast: Freeze            |    41 |    46 |    35 ||   122
       Frozen Ramparts   |       |     8 |     4 ||    12
Evoke: Wand              |       |     7 |     2 ||     9
  Use: Scroll            |     5 |     1 |     1 ||     7
       Potion            |     1 |     2 |       ||     3
Armor: Robe              |     4 |     7 |     9 ||    20
Dodge: Dodged            |    18 |    36 |    38 ||    92
